 Dungeon Crawl Stone Soup version 0.27.1-35-g4d5d836560 (webtiles) character file.

Game seed: 2716266451073110757

396 Delamore the Sneak (level 6, 0/39 HPs)
             Began as an Octopode Brigand on Apr 18, 2022.
             Slain by Grinder (3 damage)
             ... while paralysed by Grinder
             ... on level 4 of the Dungeon.
             The game lasted 00:03:33 (3523 turns).

Delamore the Sneak (Octopode Brigand)               Turns: 3523, Time: 00:03:33

Health: 0/39       AC:  5    Str: 10    XL:     6   Next: 82%
Magic:  0/6        EV:  2    Int: 14    God:
Gold:   61         SH:  0    Dex: 15    Spells: 5/5 levels left

rFire    . . .     SeeInvis .   a - +2 dagger
rCold    . . .     Faith    .   (no shield)
rNeg     . . .     Spirit   +   n - +0 hat
rPois    .         Reflect  .   i - amulet of guardian spirit
rElec    .         Harm     .   h - +4 ring of evasion
rCorr    .         Rampage  .   k - +4 ring of protection
Will     .....                  (no ring)
Stlth    +++++.....             (no ring)
HPRegen  0.13/turn              (no ring)
MPRegen  0.10/turn              (no ring)
                                (no ring)
                                (no ring)

@: paralysed
A: almost no armour, amphibious, 8 rings, camouflage 1, gelatinous body 1,
(nimble swimmer 1), tentacles
a: no special abilities


You were on level 4 of the Dungeon.
You visited 1 branch of the dungeon, and saw 4 of its levels.

You collected 127 gold pieces.
You spent 66 gold pieces at shops.

Inventory:

Hand Weapons
 a - a +2 dagger (weapon)
Missiles
 b - 7 poisoned darts
 c - a curare-tipped dart (quivered)
Armour
 n - a +0 hat (worn)
Jewellery
 h - a +4 ring of evasion (left tentacle)
 i - an amulet of guardian spirit (around mantle)
 k - a +4 ring of protection (right tentacle)
Scrolls
 f - 2 scrolls of teleportation
 g - a scroll of amnesia
 j - a scroll of torment {unknown}
 l - a scroll of blinking {unknown}
 q - a scroll of magic mapping
Potions
 d - a potion of resistance {unknown}
 e - a potion of heal wounds
 m - a potion of mutation {unknown}
 o - a potion of attraction {unknown}


   Skills:
 - Level 2.0 Fighting
 * Level 5.9 Short Blades
 - Level 2.0 Throwing
 - Level 1.0 Dodging
 + Level 7.7 Stealth


You had 5 spell levels left.
You didn't know any spells.
Your spell library contained the following spells:

 Spells                   Type           Power      Damage    Failure   Level
 Animate Skeleton         Necr           0%         N/A       28%         1
 Apportation              Tloc           0%         N/A       28%         1
 Corona                   Hex            0%         N/A       28%         1
 Summon Small Mammal      Summ           0%         N/A       28%         1


Dungeon Overview and Level Annotations

Branches:
Dungeon (4/15)
 Temple: D:4-7

Altars:

Shops:
D:3 *[:

Annotations:
D:4 Grinder


Innate Abilities, Weirdness & Mutations

You cannot wear most types of armour.
You are amphibious.
You can wear up to eight rings at the same time.
Your skin changes colour to match your surroundings (Stealth+).
Your rubbery body absorbs attacks. (AC +1, EV +1)
((You are camouflaged near water. (Stealth+)))
You have tentacles for arms and can constrict up to eight enemies at once.


Message History

Grinder hits you.
You writhe in agony.
Grinder hits you.
You writhe in agony.
Grinder hits you.
* * * LOW HITPOINT WARNING * * *
You writhe in agony.
* * * LOW HITPOINT WARNING * * *
You can move again.
It was a potion of heal wounds.
You feel much better. Grinder hits you.
You writhe in agony.
Okay, then.
You barely miss Grinder. You grab Grinder.
Grinder is lightly wounded.
You constrict Grinder, but do no damage.
You hit Grinder.
Grinder is moderately wounded.
You constrict Grinder. Grinder hits you but does no damage.
You hit Grinder.
Grinder is heavily wounded.
You constrict Grinder. Grinder barely misses you.
You hit Grinder.
Grinder is heavily wounded.
You constrict Grinder. You hit Grinder but do no damage.
Grinder is heavily wounded.
You constrict Grinder.
Grinder says, "DUCK!"
Grinder gestures at you.
You suddenly lose the ability to move!
You lose your grip on Grinder.
Grinder hits you.
You writhe in agony.
Grinder gestures at you. Pain shoots through your body! Grinder hits you.
* * * LOW HITPOINT WARNING * * *
You writhe in agony.
* * * LOW HITPOINT WARNING * * *
Grinder hits you but does no damage. Grinder hits you!
* * * LOW HITPOINT WARNING * * *
You writhe in agony.
You die...

#......####.#
##.....#
#..#########
###...###..........#
##........########
##...##.###
###..####.## #.....#
#..# ##.....####.#
#.....@.# #.#
#.....5.# #.##
#........##..#
##.......###.#
#........ #.##
##...(..###..#
######## ##.# #.#
#.##


You could see Grinder.

Vanquished Creatures
  Sigmund (D:3)
  A howler monkey (D:4)
  A jelly (D:3)
  Terence (D:3)
  Natasha (D:4)
  An orc wizard (D:3)
  A hound skeleton (D:4)
  2 adders
  An adder skeleton (D:4)
  A worm (D:2)
  4 orcs (D:3)
  9 ball pythons
  2 bats
  2 endoplasms (D:1)
  2 giant cockroaches (D:2)
  6 hobgoblins
  7 kobolds
  2 quokkas
  3 frilled lizards
  2 goblins (D:2)
  6 rats
56 creatures vanquished.

Notes
Turn   | Place    | Note
-------+----------+-------------------------------------------
     0 | D:1      | Delamore the Octopode Brigand began the quest for the Orb.
     0 | D:1      | Reached XP level 1. HP: 14/14 MP: 1/1
   238 | D:1      | Reached XP level 2. HP: 18/19 MP: 2/2
   987 | D:1      | Reached XP level 3. HP: 24/24 MP: 3/3
  1009 | D:1      | Found a faded altar of an unknown god.
  1308 | D:2      | Reached skill level 6 in Stealth
  2135 | D:3      | Reached XP level 4. HP: 11/29 MP: 0/4
  2408 | D:3      | Noticed Sigmund
  2412 | D:3      | Noticed Terence
  2443 | D:3      | Killed Sigmund
  2444 | D:3      | Reached skill level 5 in Short Blades
  2444 | D:3      | Reached skill level 7 in Stealth
  2444 | D:3      | Reached XP level 5. HP: 34/34 MP: 5/5
  2444 | D:3      | Reached XP level 6. HP: 39/39 MP: 6/6
  2460 | D:3      | Killed Terence
  2556 | D:3      | Found Cuagymu's General Store.
  2576 | D:3      | Bought a scroll of identify for 24 gold pieces
  2576 | D:3      | Bought a scroll of magic mapping for 42 gold pieces
  2691 | D:3      | Found Golatay's Antique Armour Emporium.
  2964 | D:3      | Found Umaloutz's Book Emporium.
  3333 | D:4      | Noticed Natasha
  3340 | D:4      | Killed Natasha
  3502 | D:4      | Noticed Grinder
  3509 | D:4      | Paralysed by Grinder for 3 turns
  3518 | D:4      | Paralysed by Grinder for 6 turns
  3523 | D:4      | Slain by Grinder

Illustrated notes

Levels and vault maps discovered:
D:1:      eino_arrival_tree_alley, layout_loops_ring,
          dreamdust_ecumenical_altar_hidden_monk_grotto
D:2:      layout_basic, columned_hall_lemuel, serial_bayou_crossing
D:3:      layout_basic, serial_shops, shop_fountains, shop, shop,
          kennysheep_boxes, uniq_sigmund, uniq_terence
D:4:      layout_cave_pods, mainiacjoe_overflow_alcove_2, temple_green,
          uniq_grinder, uniq_natasha

Skill      XL: |  1  2  3  4 |
---------------+-------------+-----
Short Blades   | 3 5 |  5.9
Stealth        | 6 7 |  7.7
Fighting       | |  2.0
Throwing       | |  2.0
Dodging        | |  1.0

Action                   |  1- 3 |  4- 6 || total
-------------------------+-------+-------++-------
Melee: Dagger            |    66 |    60 ||   126
       Constrict         |     9 |    11 ||    20
       Tentacles         |     6 |    15 ||    21
       Unarmed           |       |    12 ||    12
Throw: Dart              |       |     9 ||     9
  Use: Scroll            |     1 |     1 ||     2
       Potion            |       |     1 ||     1
 Stab: Sleeping          |    22 |     3 ||    25
Armor: Skin              |     4 |    19 ||    23
Dodge: Dodged            |    21 |    34 ||    55
